 Dungeon Crawl Stone Soup version 0.27-a0-1502-g47ed6a6988 (webtiles) character file.

Game seed: 8219596213354968934

276 lunkers the Insei (level 6, -1/43 HPs)
             Began as a Djinni Warper on July 8, 2021.
             Slain by an iguana (7 damage)
             ... on level 3 of the Dungeon.
             The game lasted 00:07:12 (4439 turns).

lunkers the Insei (Djinni Warper)                   Turns: 4439, Time: 00:07:12

Health: -1/43      AC:  7    Str: 12    XL:     6   Next: 50%
Gold:   78         EV: 10    Int: 14    God:
                   SH:  3    Dex: 13

rFire    + + .     SeeInvis .     - Unarmed
rCold    x . .     Faith    .   g - +0 buckler
rNeg     . . .     Spirit   .   i - +0 ring mail
rPois    ∞         Reflect  .   k - +1 helmet
rElec    .         Harm     .   (no cloak)
rCorr    .         Rampage  .   (no gloves)
Will     .....                  (boots unavailable)
Stlth    +.........             (no amulet)
HPRegen  0.14/turn              (no ring)
MPRegen  0.00/turn              (no ring)

@: flying
A: sickness immunity, fire resistance 2, cold vulnerability 1, float, innate
caster, hp casting, extra vitality 1
a: no special abilities


You were on level 3 of the Dungeon.
You visited 1 branch of the dungeon, and saw 3 of its levels.

You collected 78 gold pieces.

Inventory:

Missiles
 c - 5 boomerangs of dispersal
 f - 43 stones
Armour
 a - a +0 leather armour
 e - a +0 helmet
 g - a +0 buckler (worn)
 i - a +0 ring mail (worn)
 k - a +1 helmet (worn)
Jewellery
 r - a ring of resist corrosion
 t - an amulet of faith
Wands
 o - a wand of flame (4)
 q - a wand of charming (5)
Scrolls
 b - a scroll of blinking
 m - a scroll of noise {unknown}
 n - a scroll of immolation {unknown}
Potions
 d - 2 potions of curing {unknown}
 h - a potion of cancellation {unknown}
 j - a potion of brilliance {unknown}
 l - a potion of haste {unknown}
 p - a potion of invisibility {unknown}
 s - a potion of magic {unknown}


   Skills:
 - Level 2.0 Fighting
 - Level 0.7 Throwing
 - Level 1.0 Armour
 - Level 2.1 Dodging
 * Level 5.6 Unarmed Combat
 + Level 3.3 Spellcasting


You couldn't memorise any spells.
You knew the following spells:

 Your Spells              Type           Power      Damage    Failure   Level
b - Lesser Beckoning      Tloc           5%         N/A       52%         3
c - Gell's Gravitas       Tloc           5%         N/A       52%         3
d - Teleport Other        Tloc           11%        N/A       52%         3
e - Manifold Assault      Tloc           11%        N/A       99%         5
f - Corpse Rot            Necr/Air       N/A        N/A       30%         2
p - Blink                 Tloc           N/A        N/A       30%         2
w - Sandblast             Erth           22%        2d7       21%         1
Your spell library was empty.

Dungeon Overview and Level Annotations

Branches:
Dungeon (3/15)

Altars:
Makhleb


Innate Abilities, Weirdness & Mutations

You are immune to sickness and miasma.
You are immune to poison.
Your flesh is very heat resistant. (rF++)
You are vulnerable to cold. (rC-)
You float through the air rather than walking.
You learn spells naturally, not from books.
Your magical power is your life essence.
You have superior vitality. (+4 HP)


Message History

* * * LOW HITPOINT WARNING * * *
Okay, then.
Aiming: Charm
Press: ? - help, Shift-Dir - straight line, f - iguana
Aim: an iguana (heavily wounded, chance to affect: 54%)
The iguana resists with significant effort.
The iguana closely misses you.
Aiming: Charm
Press: ? - help, Shift-Dir - straight line, f/p - iguana
Aim: an iguana (heavily wounded, chance to affect: 54%)
The iguana is charmed.
The jackal closely misses your iguana. The jackal closely misses your iguana.
The jackal bites your iguana. The jackal barely misses your iguana.
The jackal closely misses your iguana. The jackal barely misses your iguana.
The jackal bites your iguana.
Your iguana barely misses the jackal.
The jackal bites your iguana but does no damage.
Your iguana closely misses the jackal.
The jackal barely misses your iguana. The jackal closely misses your iguana.
Your iguana misses the jackal. The jackal bites your iguana.
Your iguana bites the jackal!
The jackal dies!
The ball python bites your iguana but does no damage.
The ball python grabs your iguana. The ball python constricts your iguana.
The ball python bites your iguana. The ball python constricts your iguana.
Your iguana closely misses the ball python.
The ball python bites your iguana but does no damage.
The ball python constricts your iguana. The ball python bites your iguana.
The ball python constricts your iguana.
Your iguana bites the ball python.
The ball python dies!
You swap places.
You start resting.
The iguana is no longer charmed.
The iguana bites you!
* * * LOW HITPOINT WARNING * * *
You hit the iguana but do no damage.
The iguana is almost dead.
The iguana bites you!
You die...

#..# #.# ...# #.# ...# #.#
...# #.## ...# #..# ....# ##.#
###.# #.# # .# #†# # .#
#########@### ##
.........l..#############. .##
#.........#...............
#.##
#.####....#.....####..####
##.#####...####......####....#
#............####..####......#
.#######.......######.......##
## ##......######......## #
##....####..####....##


You could see an iguana.

Vanquished Creatures
  A water moccasin skeleton (D:3)
  Jessica (D:2)
  Natasha (twice) (D:2)
  Ijyb (D:3)
  Robin (D:2)
  3 adders
  2 worms
  3 dart slugs
  6 ball pythons
  2 bats
  4 endoplasms
  2 giant cockroaches (D:1)
  14 goblins
  7 hobgoblins
  9 jackals
  4 quokkas
  3 frilled lizards
  4 kobolds
  5 rats
  A spectral kobold (D:1)
75 creatures vanquished.

Vanquished Creatures (collateral kills)
  A jackal (D:3)
  A ball python (D:3)
2 creatures vanquished.

Grand Total: 77 creatures vanquished

Notes
Turn   | Place    | Note
-------+----------+-------------------------------------------
     0 | D:1      | lunkers the Djinni Warper began the quest for the Orb.
     0 | D:1      | Reached XP level 1. HP: 18/18 MP: 0/0
   346 | D:1      | Reached XP level 2. HP: 16/23 MP: 0/0
   621 | D:1      | Reached skill level 3 in Unarmed Combat
   896 | D:1      | Reached XP level 3. HP: 27/28 MP: 0/0
   896 | D:1      | Learned a level 1 spell: Sandblast
  1298 | D:1      | Found a faded altar of an unknown god.
  2003 | D:2      | Reached XP level 4. HP: 31/33 MP: 0/0
  2016 | D:2      | Reached skill level 4 in Unarmed Combat
  2119 | D:2      | Noticed Robin
  2341 | D:2      | Killed Robin
  2656 | D:2      | Noticed Natasha
  2670 | D:2      | Killed Natasha
  2671 | D:2      | Reached XP level 5. HP: 27/38 MP: 0/0
  2671 | D:2      | Learned a level 2 spell: Corpse Rot
  2966 | D:2      | Noticed Natasha
  2985 | D:2      | Killed Natasha
  3564 | D:2      | Noticed Jessica
  3584 | D:2      | Killed Jessica
  3585 | D:2      | Reached skill level 5 in Unarmed Combat
  3834 | D:3      | Noticed Ijyb
  3839 | D:3      | Reached XP level 6. HP: 43/43 MP: 0/0
  3866 | D:3      | Killed Ijyb
  4076 | D:3      | Found a burning altar of Makhleb.
  4439 | D:3      | Slain by an iguana

Illustrated notes

Levels and vault maps discovered:
D:1:      dpeg_arrival_boxorama, layout_basic,
          dreamdust_ecumenical_altar_drowned_temple
D:2:      layout_loops_ring, uniq_jessica, uniq_natasha, uniq_robin
D:3:      layout_loops_ring, marbit_many_paths, lemuel_tele_altar,
          minmay_misc_feat_x, hangedman_decor_lopped, uniq_ijyb

Skill      XL: |  1  2  3  4  5 |
---------------+----------------+-----
Unarmed Combat | 3 4 5 |  5.6
Spellcasting   | 3 |  3.3
Fighting       | |  2.0
Throwing       | |  0.7
Armour         | |  1.0
Dodging        | |  2.1

Action                   |  1- 3 |  4- 6 || total
-------------------------+-------+-------++-------
Melee: Unarmed           |    98 |   163 ||   261
 Cast: Sandblast         |    22 |    24 ||    46
Evoke: Wand              |       |     2 ||     2
Armor: Leather armour    |    25 |       ||    25
       Ring mail         |     4 |    64 ||    68
Dodge: Dodged            |    67 |    77 ||   144
Block: Buckler           |       |    25 ||    25

Table legend: (Time is in decaauts)
 A = Elapsed time spent in this place.
 B = Non-inter-level travel time spent in this place.
 C = Inter-level travel time spent in this place.
 D = Time resting spent in this place.
 E = Time spent auto-exploring this place.
 F = Levels seen in this place.
 G = Mean time per level.
                   A        B        C        D        E       F      G
               +--------+--------+--------+--------+--------+-----+--------+
         Total |   4432 |   4397 |     35 |    444 |   3273 |   3 | 1477.3 |
       Dungeon |   4432 |   4397 |     35 |    444 |   3273 |   3 | 1477.3 |
               +--------+--------+--------+--------+--------+-----+--------+

Top non-repeatable levels by time:
     D:2: 1894 daAuts
     D:1: 1846 daAuts
     D:3: 691 daAuts
